 Dungeon Crawl Stone Soup version 0.29.1-12-g30fa7ad0bf (webtiles) character file.

Game seed: 834024610265954297

176 ThatPearl the Digger (level 5, 0/32 HPs)
             Began as a Gargoyle Earth Elementalist on Jan 12, 2023.
             Killed from afar by an orc wizard (12 damage)
             ... with a puff of flame
             ... on level 4 of the Dungeon.
             The game lasted 00:09:03 (4010 turns).

ThatPearl the Digger (Gargoyle Earth Elementalist)  Turns: 4010, Time: 00:09:06

Health: 0/32       AC:  7    Str: 12    XL:     5   Next: 56%
Magic:  3/10       EV: 11    Int: 17    God:
Gold:   155        SH:  0    Dex: 10    Spells: 4/10 levels left

rFire   . . .      SeeInvis .   h - +4 whip
rCold   . . .      Faith    .   (no shield)
rNeg    + . .      Spirit   .   a - +0 robe
rPois   ∞          Reflect  .   A - +0 helmet
rElec   +          Harm     .   (no cloak)
rCorr   .          Rampage  .   (no gloves)
Will    .....                   (no boots)
Stlth   ++........              o - amulet of the acrobat
HPRegen 0.10/turn               (no ring)
MPRegen 0.12/turn               (no ring)

@: very slightly contaminated
A: sickness immunity, AC +4, negative energy resistance 1, electricity
resistance, torment resistance 1, petrification resistance
a: no special abilities


You were on level 4 of the Dungeon.
You visited 1 branch of the dungeon, and saw 4 of its levels.

You collected 155 gold pieces.

Inventory:

Hand Weapons
 h - a +4 whip (weapon)
 m - a +1 dagger of venom
 w - a +2 vampiric hand axe
Missiles
 f - 9 stones
 q - 24 poisoned darts
Armour
 a - a +0 robe (worn)
 A - a +0 helmet (worn)
Jewellery
 o - an amulet of the acrobat (around neck)
Scrolls
 d - 3 scrolls of teleportation {unknown}
 e - 2 scrolls of identify {unknown}
 i - 2 scrolls of fog {unknown}
 j - a scroll of vulnerability {unknown}
 k - 2 scrolls of enchant armour {unknown}
 r - a scroll of fear {unknown}
 s - 2 scrolls of blinking {unknown}
 u - a scroll of immolation {unknown}
 y - a scroll of brand weapon {unknown}
 z - a scroll of summoning {unknown}
Potions
 b - a potion of magic
 c - 3 potions of might {unknown}
 g - 2 potions of brilliance {unknown}
 l - 2 potions of lignification {unknown}
 n - a potion of berserk rage {unknown}
 p - a potion of ambrosia {unknown}
 t - 3 potions of heal wounds {unknown}
 v - 2 potions of curing {unknown}
 x - 3 potions of haste


   Skills:
 + Level 3.0 Fighting
 - Level 1.5 Dodging
 - Level 2.1 Stealth
 + Level 3.3 Spellcasting
 - Level 0.7 Transmutations
 + Level 5.1 Earth Magic


You had 4 spell levels left.
You knew the following spells:

 Your Spells              Type           Power      Damage    Failure   Level
a - Stone Arrow           Conj/Erth      22%        3d8       19%         3
s - Sandblast             Erth           40%        2d10      1%          1
w - Passwall              Tmut/Erth      10%        N/A       8%          2

Your spell library contained the following spells:

 Spells                   Type           Power      Damage    Failure   Level
 Shock                    Conj/Air       8%         1d3       17%         1
 Ensorcelled Hibernation  Hex/Ice        4%         N/A       26%         2
 Swiftness                Air            2%         N/A       45%         3
 Petrify                  Tmut/Erth      12%        N/A       45%         4
 Airstrike                Air            1%         2d(1-17)  86%         4


Dungeon Overview and Level Annotations

Branches:
Dungeon (4/15)
 Temple: D:4-7

Altars:
Wu Jian

Shops:
D:4 [

Annotations:
D:4 Blork the orc


Innate Abilities, Weirdness & Mutations

You are immune to sickness and miasma.
Your stone body is resilient. (AC +4)
You are immune to poison.
You resist negative energy. (rN+)
You are resistant to electric shocks. (rElec)
You are resistant to unholy torment.
You are immune to petrification.


Message History

The blast of sand hits the orc priest!
You kill the orc priest!
The orc wizard hits you with a +0 dagger.
Blork the orc mumbles some strange words.
Blork the orc seems to speed up.
The orc wizard casts a spell.
The orc wizard flickers and vanishes!
Deactivating autopickup; reactivate with Ctrl-A.
The orc wizard hits you with a +0 dagger.
Your Fighting skill increases to level 3!
Your Earth Magic skill increases to level 5!
Aiming: Sandblast (safe; 2% risk of failure)
Press: ? - help, Q - select action, (/) - cycle Shift-Dir - straight line, f - orc wizard
Aim: an orc wizard, wielding a +0 dagger and wearing a +0 robe (79% to hit)
You miscast Sandblast.
You are very lightly contaminated with residual magic.
Nothing appears to happen.
The orc wizard completely misses you. Something hits you but does no damage.
Aiming: Sandblast (safe; 2% risk of failure)
Press: ? - help, Q - select action, (/) - cycle Shift-Dir - straight line, f/p - orc wizard
Aim: an orc wizard, wielding a +0 dagger and wearing a +0 robe (79% to hit)
The blast of sand hits the orc wizard!
The orc wizard is severely wounded.
Blork the orc casts a spell at you.
The puff of flame hits something!
Reactivating autopickup.
You feel a bit more experienced. The scorpion stings you.
The orc wizard hits you but does no damage.
Aiming: Sandblast (safe; 1% risk of failure)
Press: ? - help, Q - select action, (/) - cycle Shift-Dir - straight line, f/p - orc wizard
Aim: an orc wizard, wielding a +0 dagger and wearing a +0 robe (severely wounded, 79% to hit)
The blast of sand hits the orc wizard.
The orc wizard is almost dead.
Blork the orc misses you. The scorpion misses you.
Blork the orc barely misses you.
The orc wizard gestures at you while chanting.
The magic dart hits you. The scorpion stings you.
The orc wizard casts a spell at you. The puff of flame hits you!
You die...

#...........#####.....
#...........# ......
#..........)# #.....
######.###..)))######.....
............))......+.....
...###.#####'########
...###+##..).÷..##
...#.............#
...#...........o@#
...#......######s#
...#.)....# .o.
...#......# ###...#
...#......##.....!.
...#...............#
...#..<............#
...#.......[.##.....
...'.........'....


You could see Blork the orc (fast), a scorpion and an orc wizard.

Vanquished Creatures
  An orc priest (D:4)
  Robin (D:4)
  4 adders
  4 worms
  6 endoplasms
  3 giant cockroaches
  12 goblins
  7 hobgoblins
  7 jackals
  8 kobolds
  2 quokkas (D:2)
  2 ball pythons
  4 bats
  2 frilled lizards
  4 rats
67 creatures vanquished.

Vanquished Creatures (others)
  An orc wizard (D:4)
1 creature vanquished.

Grand Total: 68 creatures vanquished

Notes
Turn   | Place    | Note
-------+----------+-------------------------------------------
     0 | D:1      | ThatPearl the Gargoyle Earth Elementalist began the quest
                  | for the Orb.
     0 | D:1      | Reached XP level 1. HP: 10/10 MP: 3/3
   477 | D:1      | Reached XP level 2. HP: 16/16 MP: 5/5
   532 | D:1      | Learned a level 2 spell: Passwall
   616 | D:1      | Reached skill level 1 in Fighting
   897 | D:1      | Reached skill level 4 in Earth Magic
  1872 | D:2      | Reached XP level 3. HP: 12/20 MP: 6/6
  2787 | D:3      | Reached XP level 4. HP: 26/26 MP: 8/8
  2800 | D:3      | Learned a level 3 spell: Stone Arrow
  2919 | D:3      | Identified the +9 sling "Nyasmu" {flame, Dex+4 Stlth+}
  3300 | D:3      | Found an ornate altar of the Wu Jian Council.
  3312 | D:3      | You fall into a shaft and drop 1 floor!
  3741 | D:4      | Noticed Robin
  3753 | D:4      | Killed Robin
  3754 | D:4      | Reached XP level 5. HP: 31/31 MP: 5/9
  3874 | D:4      | Found Qeym Zynt's Armour Shoppe.
  4005 | D:4      | Noticed Blork the orc
  4008 | D:4      | Reached skill level 5 in Earth Magic
  4010 | D:4      | Killed from afar by an orc wizard

Illustrated notes

Levels and vault maps discovered:
D:1:      mainiacjoe_arrival_reflecting_pool, layout_basic
D:2:      layout_loops_ring
D:3:      layout_basic, mainiacjoe_overflow_24_doors,
          dreamdust_mushroom_princess
D:4:      layout_basic, serial_shops, nicolae_lakefront_shop,
          gammafunk_ghost_nasty_kobolds, uniq_blork_the_orc, uniq_robin

Skill      XL: |  1  2  3  4  5 |
---------------+----------------+-----
Fighting       | 1 2 3 |  3.0
Earth Magic    | 4 5 |  5.1
Spellcasting   | 3 |  3.3
Dodging        | |  1.5
Stealth        | |  2.1
Transmutations | |  0.7

Action                   |  1- 3 |  4- 6 || total
-------------------------+-------+-------++-------
Melee: Short sword       |     7 |       ||     7
       Whip              |    86 |    32 ||   118
       Unarmed           |     1 |       ||     1
       Punch             |     1 |       ||     1
 Cast: Sandblast         |    14 |    38 ||    52
 Stab: Sleeping          |     5 |     2 ||     7
Armor: Robe              |    49 |    10 ||    59
Dodge: Dodged            |    59 |    38 ||    97
